 Dungeon Crawl Stone Soup version 0.17-a0-957-ga3519be (webtiles) character file.

195 FedoraBrony69 the Conjurer (level 5, -2/28 HPs)
             Began as a Deep Elf Conjurer on May 7, 2015.
             Killed from afar by an orc wizard (9 damage)
             ... with a magic dart
             ... on level 3 of the Dungeon.
             The game lasted 00:05:28 (2531 turns).

FedoraBrony69 the Conjurer (Deep Elf Conjurer)      Turns: 2531, Time: 00:05:29

Health: -2/28      AC:  6    Str:  5    XL:     5   Next: 45%
Magic:  1/15       EV: 15    Int: 21    God:
Gold:   112        SH:  0    Dex: 15    Spells: 3 memorised, 5 levels left

rFire  + . .     SeeInvis .     e - +0 dagger
rCold  . . .     Clarity  .     a - +0 robe
rNeg   . . .     SustAb   .     (no shield)
rPois  .         Gourm    .     f - +2 hat
rElec  .         Spirit   .     s - +0 cloak
rCorr  .         Warding  .     n - +0 pair of gloves
rMut   .         Stasis   .     (no boots)
MR     .....                    (no amulet)
Stlth  ++........               h - ring of protection from fire
                                d - +2 ring of evasion

@: not resistant to hostile enchantments, unstealthy
A: no striking features
a: no special abilities


You were on level 3 of the Dungeon.
You were very hungry.

You visited 1 branch of the dungeon, and saw 3 of its levels.

You collected 112 gold pieces.

Inventory:

Hand weapons
 e - a +0 dagger (weapon)
Armour
 a - a +0 robe (worn)
 f - a +2 hat (worn)
 n - a +0 pair of gloves (worn)
 s - a +0 cloak (worn)
Jewellery
 d - a +2 ring of evasion (left hand)
 h - a ring of protection from fire (right hand)
Magical devices
 r - a wand of random effects (23)
Scrolls
 g - a scroll of immolation {unknown}
 i - a scroll of enchant weapon {unknown}
 k - 5 scrolls of identify {unknown}
 l - 2 scrolls of recharging {unknown}
 o - a scroll of fog {unknown}
 q - a scroll of blinking {unknown}
Potions
 t - a potion of brilliance {unknown}
 u - a potion of curing {unknown}
Books
 b - a book of Conjurations

   Spells                             Type                      Level
   a - Magic Dart                     Conjuration                  1
   b - Searing Ray                    Conjuration                  2
   c - Dazzling Spray                 Conjuration/Hexes            3
   d - Fulminant Prism                Conjuration/Hexes            4
   e - Iskenderun's Mystic Blast      Conjuration                  4
   f - Iskenderun's Battlesphere      Conjuration/Charms           5
Comestibles
 c - 3 bread rations
 j - 2 fruits
 m - 2 meat rations


   Skills:
 - Level 2.4 Dodging
 - Level 2.4 Stealth
 + Level 5.8 Spellcasting
 + Level 5.9 Conjurations
 * Level 1.7 Charms


You had 5 spell levels left.
You knew the following spells:

 Your Spells              Type           Power        Failure   Level  Hunger
a - Magic Dart            Conj           ####         1%          1    None
b - Iskenderun's Battles  Conj/Chrm      ###.....     67%         5    #####..
c - Iskenderun's Mystic   Conj           ####....     12%         4    ####...


Dungeon Overview and Level Annotations

Branches:
Dungeon (3/15)

Altars:
Dithmenos
Qazlal

Annotations:
D:3 Natasha


Message History

Aim: Natasha (severely wounded)
The magic dart hits something.
A magic dart appears from out of thin air!
The magic dart hits you!
Casting: Magic Dart
Confirm with . or Enter, or press ? or * to list all spells.
Aiming: Magic Dart
Press: ? - help, Shift-Dir - straight line, f/p - Natasha
Aim: Natasha (severely wounded)
The magic dart hits something.
Something hits you.
Your magical contamination has completely faded away.
Something hits you. Natasha claws you.
* * * LOW HITPOINT WARNING * * *
You closely miss Natasha.
Natasha is severely wounded.
Something hits you but does no damage. Natasha barely misses you.
You hear some strange, mumbled words.
A magic dart appears from out of thin air!
The magic dart hits you!
You die...

##############
#........)...##
#.#######รท#.#.#####
#.######...........
#.@...##..#.#.#####
#h###.##.#(..## #
######o###.##.##.## #
#ooh.o........##.#### #
#5####.###..........####
#. ###...........#......
#{ #...###########..####
#o #.### #..# # #o##.#
#..# #


You could see Natasha and 2 orcs.

Vanquished Creatures
  The ghost of Stealownz the Conjurer, a weakling DECj (D:3)
  A crimson imp (D:3)
  Terence (D:3)
  6 adders
  An ooze (D:3)
  A worm (D:3)
  2 giant geckos
  An orc (D:3)
  2 ball pythons
  3 giant cockroaches
  6 goblins
  4 hobgoblins
  17 jackals
  2 quokkas (D:2)
  11 bats
  7 giant newts
  8 kobolds
  11 rats
85 creatures vanquished.

Notes
Turn   | Place    | Note
--------------------------------------------------------------
     0 | D:1      | FedoraBrony69, the Deep Elf Conjurer, began the quest for the Orb.
     0 | D:1      | Reached XP level 1. HP: 10/10 MP: 6/6
   278 | D:1      | Reached XP level 2. HP: 1/15 MP: 0/8
   968 | D:2      | Reached XP level 3. HP: 15/19 MP: 4/10
   997 | D:2      | Reached skill level 5 in Conjurations
  1429 | D:2      | Reached XP level 4. HP: 24/24 MP: 10/12
  1705 | D:2      | Reached skill level 5 in Spellcasting
  1837 | D:3      | Noticed Stealownz's ghost (weakling DECj)
  1914 | D:2      | Learned a level 4 spell: Iskenderun's Mystic Blast
  1991 | D:3      | Killed Stealownz's ghost
  1991 | D:3      | Reached XP level 5. HP: 15/28 MP: 1/14
  2001 | D:3      | Learned a level 5 spell: Iskenderun's Battlesphere
  2250 | D:3      | Found a stormy altar of Qazlal.
  2328 | D:3      | Found a shadowy altar of Dithmenos.
  2459 | D:3      | Noticed Terence
  2462 | D:3      | Killed Terence
  2462 | D:3      | Reached skill level 1 in Charms
  2505 | D:3      | Noticed Natasha
  2531 | D:3      | Killed from afar by an orc wizard

Action                   |  1- 3 |  4- 6 || total
-------------------------+-------+-------++-------
Melee: Dagger            |     5 |    10 ||    15
 Cast: Magic Dart        |    64 |    80 ||   144
       Iskenderun's Myst |       |     9 ||     9
  Eat: Chunk             |     1 |     4 ||     5
